 Dungeon Crawl Stone Soup version 0.26-a0-259-g1effd001a9 (webtiles) character file.

Game seed: 9518534505184678812

13222 night the Frost Mage (level 11, -12/47 HPs)
             Began as a Spriggan Ice Elementalist on July 27, 2020.
             Was a High Priest of Sif Muna.
             Killed from afar by a rime drake (32 damage)
             ... with a flash freeze
             ... on level 2 of the Lair of Beasts.
             The game lasted 00:35:21 (15151 turns).

night the Frost Mage (Spriggan Ice Elementalist)   Turns: 15151, Time: 00:35:22

Health: -12/47     AC:  3    Str:  4    XL:     11   Next: 72%
Magic:  14/28      EV: 18    Int: 26    God:    Sif Muna [*****.]
Gold:   701        SH:  0    Dex: 17    Spells: 23/35 levels left

rFire    . . .     SeeInvis +   O - +9 spear
rCold    . . .     Faith    +   (shield restricted)
rNeg     . . .     Spirit   .   a - +1 robe
rPois    .         Reflect  .   P - +0 hat
rElec    .         Harm     .   k - scarf {+Inv}
rCorr    .                      (gloves unavailable)
MR       +....                  (boots unavailable)
Stlth    ++........             t - amulet of faith
HPRegen  0.15/turn              j - ring of wizardry
MPRegen  0.21/turn              y - +6 ring of intelligence

@: very quick
A: very small, unfitting armour, see invisible, herbivore, speed 3, slow
metabolism 2
a: Channel Magic, Forget Spell, Divine Exegesis, Renounce Religion, Evoke
Invisibility


You were on level 2 of the Lair of Beasts.
You worshipped Sif Muna.
Sif Muna was extremely pleased with you.
You were not hungry.

You visited 2 branches of the dungeon, and saw 12 of its levels.

You collected 701 gold pieces.

Inventory:

Hand Weapons
 h - a +1 whip of freezing
 x - a +4 trident
 D - a +2 dagger of venom
 I - a +0 whip of electrocution
 L - a +1 vorpal lajatang
 O - a +9 spear (weapon)
Missiles
 g - 401 stones (quivered)
 i - 5 throwing nets
 l - 114 bolts
 m - 147 arrows
 p - 79 sling bullets
 s - 26 poisoned darts
 w - 7 boomerangs
Armour
 a - a +1 robe (worn)
 k - a scarf of invisibility (worn)
 P - a +0 hat (worn)
Jewellery
 j - a ring of wizardry (left hand)
 t - an amulet of faith (around neck)
 y - a +6 ring of intelligence (right hand)
 z - an uncursed ring of ice
 E - an uncursed amulet of regeneration
 N - an uncursed ring of stealth
Wands
 u - a wand of random effects (22)
 v - a wand of digging (6)
 H - a wand of paralysis (9)
 Q - a wand of iceblast (7)
 U - a wand of clouds (6)
Scrolls
 e - 3 scrolls of remove curse
 f - 2 scrolls of immolation
 n - 2 scrolls of teleportation
 G - 7 scrolls of identify
 J - a scroll of enchant weapon
 M - 2 scrolls of amnesia
 R - a scroll of magic mapping
 V - 2 scrolls of fog
Potions
 b - 4 potions of curing {unknown}
 d - a potion of cancellation {unknown}
 o - a potion of invisibility
 q - a potion of degeneration
 r - 2 potions of stabbing
 A - a potion of mutation
 B - 2 potions of lignification
 C - a potion of resistance {unknown}
 F - a potion of ambrosia {unknown}
 K - 2 potions of haste {unknown}
 S - a potion of berserk rage {unknown}
 T - a potion of heal wounds {unknown}
Comestibles
 c - 37 rations


   Skills:
 - Level 3.0 Dodging
 - Level 3.0 Stealth
 + Level 12.9 Spellcasting
 * Level 13.1 Ice Magic


You had 23 spell levels left.
You knew the following spells:

 Your Spells              Type           Power        Failure   Level
a - Freeze                Ice            ####         0%          1
b - Frozen Ramparts       Ice            ######       1%          3
c - Hailstorm             Conj/Ice       ######..     1%          4
d - Summon Ice Beast      Ice/Summ       ######..     1%          4

Your spell library contained the following spells:

 Spells                   Type           Power        Failure   Level
 Animate Skeleton         Necr           ###...       1%          1
 Apportation              Tloc           ###...       1%          1
 Corona                   Hex            ###....      1%          1
 Summon Small Mammal      Summ           ###.         1%          1
 Ensorcelled Hibernation  Hex/Ice        ######       1%          2
 Ozocubu's Armour         Chrm/Ice       ######..     1%          3
 Metabolic Englaciation   Hex/Ice        ######....   2%          5
 Confusing Touch          Hex            ###.....     4%          3
 Dazzling Flash           Conj/Hex       ###...       4%          3
 Gell's Gravitas          Tloc           ###.......   4%          3
 Portal Projectile        Hex/Tloc       ###...       4%          3
 Summon Guardian Golem    Hex/Summ       ###.....     4%          3
 Tukima's Dance           Hex            ###.....     4%          3
 Petrify                  Tmut/Erth      ###.....     14%         4
 Yara's Violent Unravell  Hex/Tmut       ###.......   34%         5
 Darkness                 Hex            ###.......   88%         6


Dungeon Overview and Level Annotations

Branches:
Dungeon (10/15)            Temple (0/1) D:5            Lair (2/6) D:9
  Snake (0/4) Lair:2          Orc (0/2) D:9
  Swamp: Lair:2-4    Shoals: Lair:2-4

Altars:
Cheibriados
Dithmenos
Elyvilon
Fedhas
Gozag
Hepliaklqana
Makhleb
Nemelex Xobeh
Okawaru
Sif Muna
Uskayaw
Vehumet
Yredelemnul
Zin

Shops:
D:3 *   D:4 *


Innate Abilities, Weirdness & Mutations

You are very small and have problems with some larger weapons.
You are too small for most types of armour.
You have supernaturally acute eyesight. (SInv)
You are a herbivore.
You cover ground extremely quickly.
You need to consume almost no food.


Message History

You are encased in ice.
The rime drake bites your ice beast.
Your ice beast hits the rime drake.
Your ice beast freezes the rime drake.
The rime drake resists.
The rime drake dies!
Sif Muna accepts your kill.
Your ice beast misses the rime drake.
The rime drake bites you but does no damage.
Your ice beast barely misses the rime drake.
You puncture the rime drake!
The rime drake is almost dead.
The rime drake barely misses you.
Your ice beast hits the rime drake but does no damage.
Your ice beast closely misses the rime drake.
You hit the rime drake.
The rime drake is almost dead.
The ice encasing you melts away. The rime drake breathes ice at you.
The flash freeze hits you!!
Ouch! That really hurt!
You die...

#.......<...#.# #####
#.............###.#..
#..............#..#..
#....................
##....................
#..................P.#
###.............###...
##..........P.# #...
##@.......##.. ##..
#kY...... ... ...
Y.≈.....# #. #..
....#≈.### ..#..≈#≈.#
#.≈#...≈#.≈# ..≈#....
≈.. #.. #..... ..


You could see a rime drake (catching breath) and 2 friendly ice beasts.

Vanquished Creatures
  A hydra (Lair:1)
  A two-headed ogre (D:9)
  An unseen horror (D:6)
  Pikel (D:5)
  A komodo dragon (Lair:2)
  A merfolk (D:9)
  A troll (D:9)
  Grinder (D:4)
  5 blink frogs (Lair:2)
  2 hippogriffs
  Sigmund (D:3)
  12 yaks
  A steam dragon (D:7)
  A basilisk (Lair:2)
  Edmund (D:4)
  2 nagas (Lair:2)
  4 water moccasins
  6 porcupines
  5 orc warriors
  2 ogres (D:8)
  3 sky beasts
  2 black bears
  An eye of draining (D:9)
  3 centaurs
  A crocodile (Lair:1)
  A big kobold (D:6)
  9 bullfrogs
  A gnoll sergeant (D:7)
  2 scorpions
  Dowan (D:4)
  5 killer bees (D:9)
  7 wights
  A nameless horror (D:4)
  4 howler monkeys
  2 gnoll shamans (D:4)
  7 orc priests
  3 hounds
  5 orc wizards
  Jessica (D:3)
  Ijyb (D:3)
  An iguana (D:6)
  10 worker ants
  A hound zombie (D:6)
  A worker ant zombie (D:6)
  17 gnolls
  9 adders
  3 shadow imps
  A white imp (D:9)
  4 ufetubi
  2 oozes
  2 adder skeletons (D:9)
  A worm (D:2)
  7 leopard geckos
  35 orcs
  2 bats (D:2)
  8 giant cockroaches
  7 hobgoblins
  7 jackals
  5 kobolds
  2 quokkas
  3 ball pythons
  8 frilled lizards
  14 goblins
  2 quokka skeletons
  10 rats
272 creatures vanquished.

Vanquished Creatures (collateral kills)
  A catoblepas (Lair:2)
  A two-headed ogre (D:9)
  A rime drake (Lair:2)
  A hippogriff (Lair:1)
  Duvessa (D:4)
  A porcupine (Lair:2)
  2 ice beasts (D:5)
  2 ogres
  A crocodile (Lair:1)
  A lemure (D:5)
  6 wights
  A worker ant zombie (D:5)
  A shadow imp (D:7)
  An adder skeleton (D:10)
21 creatures vanquished.

Vanquished Creatures (others)
  An orc (D:7)
  A quokka (D:7)
  2 fungi
  A plant (Lair:2)
5 creatures vanquished.

Grand Total: 298 creatures vanquished

Notes
Turn   | Place    | Note
-------+----------+-------------------------------------------
     0 | D:1      | night the Spriggan Ice Elementalist began the quest for the
                  | Orb.
     0 | D:1      | Reached XP level 1. HP: 9/9 MP: 5/5
   327 | D:1      | Reached XP level 2. HP: 13/13 MP: 5/7
  1151 | D:2      | Reached XP level 3. HP: 16/16 MP: 0/8
  1242 | D:2      | Learned a level 3 spell: Frozen Ramparts
  1424 | D:2      | Reached skill level 4 in Ice Magic
  1862 | D:2      | Found a shimmering blue altar of Sif Muna.
  1868 | D:2      | Became a worshipper of Sif Muna the Loreminder
  2195 | D:3      | Noticed Sigmund
  2219 | D:3      | Killed Sigmund
  2219 | D:3      | Reached skill level 5 in Ice Magic
  2219 | D:3      | Reached XP level 4. HP: 21/21 MP: 5/11
  2219 | D:3      | Reached XP level 5. HP: 24/24 MP: 5/12
  2311 | D:3      | Found Zin's Purification Station.
  2313 | D:3      | Found a glowing silver altar of Zin.
  2325 | D:3      | Noticed Ijyb
  2345 | D:3      | Killed Ijyb
  2448 | D:3      | Reached XP level 6. HP: 28/28 MP: 8/14
  2841 | D:3      | Noticed Jessica
  2853 | D:3      | Killed Jessica
  2853 | D:3      | Reached skill level 5 in Spellcasting
  2988 | D:3      | Reached * piety under Sif Muna
  3030 | D:3      | Learned a level 4 spell: Hailstorm
  3035 | D:3      | Learned a level 4 spell: Summon Ice Beast
  3110 | D:3      | Found an opulent altar of Gozag.
  3397 | D:4      | Noticed Grinder
  3404 | D:4      | Paralysed by Grinder for 6 turns
  3412 | D:4      | Killed Grinder
  3425 | D:4      | Reached skill level 6 in Ice Magic
  3425 | D:4      | Reached XP level 7. HP: 32/32 MP: 6/16
  3528 | D:4      | Found a radiant altar of Vehumet.
  3967 | D:4      | Found a sparkling altar of Nemelex Xobeh.
  3978 | D:4      | Noticed Dowan
  3979 | D:4      | Noticed Duvessa
  3986 | D:4      | Killed Dowan
  3994 | D:4      | Killed Duvessa
  4032 | D:4      | Reached skill level 7 in Ice Magic
  4203 | D:4      | Reached XP level 8. HP: 36/36 MP: 15/19
  4205 | D:4      | Reached ** piety under Sif Muna
  4305 | D:4      | Noticed Edmund
  4321 | D:4      | Killed Edmund
  4703 | D:4      | Found Yjede's Assorted Antiques.
  4786 | D:4      | Found an iron altar of Okawaru.
  5207 | D:5      | Entered Level 5 of the Dungeon
  5226 | D:5      | Reached *** piety under Sif Muna
  5363 | D:5      | Reached skill level 8 in Ice Magic
  5523 | D:5      | Found a blossoming altar of Fedhas.
  6047 | D:5      | Noticed Pikel
  6054 | D:5      | Killed Pikel
  6054 | D:5      | Reached XP level 9. HP: 35/39 MP: 17/22
  6092 | D:5      | Found a staircase to the Ecumenical Temple.
  6271 | D:6      | Reached skill level 9 in Ice Magic
  6298 | D:6      | Noticed an unseen horror
  6306 | D:6      | Killed an unseen horror
  6473 | D:6      | Found a hazy altar of Hepliaklqana.
  7439 | D:7      | Reached skill level 10 in Ice Magic
  7602 | D:7      | Reached **** piety under Sif Muna
  7770 | D:7      | Reached skill level 10 in Spellcasting
  7987 | D:7      | Found a white marble altar of Elyvilon.
  8121 | D:7      | Reached XP level 10. HP: 22/44 MP: 23/25
  9740 | D:8      | Noticed a +0 hand axe
  9740 | D:8      | Noticed a +0 dagger
  9765 | D:8      | Found a hide-covered altar of Uskayaw.
 10093 | D:8      | Found a burning altar of Makhleb.
 10119 | D:8      | Reached ***** piety under Sif Muna
 10283 | D:8      | Found a snail-covered altar of Cheibriados.
 10285 | D:8      | Found a shadowy altar of Dithmenos.
 10806 | D:9      | Found a staircase to the Orcish Mines.
 10850 | D:9      | Noticed a two-headed ogre
 10860 | D:9      | Reached skill level 11 in Ice Magic
 10866 | D:9      | Received a gift from Sif Muna
 10870 | D:9      | Killed a two-headed ogre
 11126 | D:9      | Noticed a two-headed ogre
 11133 | D:9      | Killed a two-headed ogre
 11827 | D:9      | Found a staircase to the Lair.
 12038 | D:9      | Found a basalt altar of Yredelemnul.
 12269 | D:10     | Entered Level 10 of the Dungeon
 12359 | D:10     | Noticed a two-headed ogre
 12423 | Lair:1   | Entered Level 1 of the Lair of Beasts
 12533 | Lair:1   | Reached XP level 11. HP: 47/47 MP: 24/27
 12559 | Lair:1   | Reached skill level 12 in Ice Magic
 12828 | Lair:1   | Reached skill level 12 in Spellcasting
 13198 | Lair:1   | Noticed a six-headed hydra
 13219 | Lair:1   | Killed a six-headed hydra
 14111 | Lair:2   | Noticed a catoblepas
 14143 | Lair:2   | Killed a catoblepas
 14627 | Lair:2   | Identified Rinuuxoa's Papyrus of Enchantment (Sif Muna
                  | gifted it to you on level 2 of the Lair of Beasts)
 14627 | Lair:2   | Received a gift from Sif Muna
 14736 | Lair:2   | Found a staircase to the Snake Pit.
 15014 | Lair:2   | Reached skill level 13 in Ice Magic
 15151 | Lair:2   | Killed from afar by a rime drake

Illustrated notes

Levels and vault maps discovered:
D:1:      evilmike_arrival_fibonacci_small, layout_loops_ring,
          minmay_rat_gold_closets
D:2:      layout_loops_ring, marbit_many_paths, serial_glass, glass_columns_b,
          glass_columns_a, first_ration
D:3:      layout_basic, zin_purify, grunt_gozag_breadcrumbs, uniq_ijyb,
          uniq_sigmund, uniq_jessica
D:4:      layout_loops_cross, okawaru_altar_gauntlet_db,
          overflow_temple_1_default, fiery_altar_vehumet, gup_sewer_entry_pipe,
          serial_shops, shop, uniq_edmund, uniq_grinder, uniq_duvessa
D:5:      layout_rooms, nicolae_overflow_crystal_walls, temple_fountains,
          kennysheep_generic_room_13, uniq_pikel
D:6:      layout_basic, lemuel_doored_altar, kb_rosetta
D:7:      layout_layer_cave, elyvilon_altar_4
D:8:      layout_layer_cave, lemuel_crystal_altar, dancing_weapons_uskayaw,
          chequers_temple_overflow_statue_of_worship
D:9:      layout_basic, kennysheep_mini_moat, grunt_lair_entry_orc_guard_hut,
          orc_0_dummy, hangedman_fish_farm
D:10:     layout_stronghold, uniq_urug
Lair:1:   layout_hall_layers
Lair:2:   layout_cave_pods, guppyfry_snake_entry_island, portal_ice_cave_rime,
          infiniplex_staircase_pool_2

Skill      XL: |  1  2  3  4  5  6  7  8  9 10 11 |
---------------+----------------------------------+-----
Spellcasting   | 3 4 5 6 8 10 11 12 | 12.9
Ice Magic      | 5 6 7 8 10 11 13 | 13.1
Dodging        | |  3.0
Stealth        | |  3.0

Action                   |  1- 3 |  4- 6 |  7- 9 | 10-12 || total
-------------------------+-------+-------+-------+-------++-------
Melee: Whip              |    19 |     7 |    42 |       ||    68
       Trident           |       |    13 |    15 |       ||    28
       Dagger            |       |       |    79 |    24 ||   103
       Spear             |       |       |       |    96 ||    96
 Cast: Freeze            |    40 |    10 |     7 |    14 ||    71
       Frozen Ramparts   |     9 |    11 |    43 |    55 ||   118
       Summon Ice Beast  |       |     2 |    17 |    38 ||    57
       Hailstorm         |       |       |     5 |    15 ||    20
Evoke: Wand              |       |       |       |     1 ||     1
  Use: Scroll            |       |       |    14 |     4 ||    18
 Stab: Sleeping          |     4 |       |     5 |     2 ||    11
       Distracted        |       |     1 |     1 |     1 ||     3
  Eat: Ration            |       |       |     2 |     3 ||     5
Armor: Robe              |     4 |     1 |     9 |     9 ||    23
Dodge: Dodged            |    26 |    12 |   138 |   104 ||   280

Table legend:
 A = Non-vault XP
 B = Vault XP
 C = Vault XP percentage of total XP
 D = Non-vault monster count
 E = Vault monster count
 F = Vault count percentage of total count
                 A         B        C        D         E       F
            +---------+---------+-------+---------+---------+-------
      Total |   14874 |    4015 |  21.3 |     250 |      41 |  14.1
            +---------+---------+-------+---------+---------+-------
        D:1 |      21 |       6 |  22.2 |      12 |       6 |  33.3
        D:2 |      56 |       1 |   1.8 |      24 |       1 |   4.0
        D:3 |     107 |     278 |  72.2 |      18 |       3 |  14.3
        D:4 |     892 |     587 |  39.7 |      39 |      16 |  29.1
        D:5 |     334 |     593 |  64.0 |      19 |       1 |   5.0
        D:6 |     274 |     980 |  78.1 |      11 |       4 |  26.7
        D:7 |    1876 |       0 |   0.0 |      32 |       0 |   0.0
        D:8 |    1073 |       0 |   0.0 |      28 |       0 |   0.0
        D:9 |    2673 |    1062 |  28.4 |      29 |       7 |  19.4
       D:10 |      25 |       0 |   0.0 |       2 |       0 |   0.0
     Lair:1 |    3190 |       0 |   0.0 |      16 |       0 |   0.0
     Lair:2 |    4353 |     508 |  10.5 |      20 |       3 |  13.0
            +---------+---------+-------+---------+---------+-------
